 Dungeon Crawl Stone Soup version 0.31.0-12-g77e489cdc1 (webtiles) character file.

Game seed: 17747508002787584130

3 Cheops the Ruffian (level 1, -1/13 HPs)
             Began as an Octopode Shapeshifter on Mar 6, 2024.
             Slain by a quokka (2 damage)
             ... on level 1 of the Dungeon.
             The game lasted 00:00:16 (88 turns).

Cheops the Ruffian (Octopode Shapeshifter)            Turns: 88, Time: 00:00:17

Health: -1/13      AC:  1    Str: 13    XL:     1   Next: 50%
Magic:  1/1        EV: 13    Int: 12    God:
Gold:   9          SH:  0    Dex: 11    Spells: 0/0 levels left

rFire   . .          .
                       - Unarmed
rCold   . . .        (no shield)
rNeg    . . .        (helmet currently unavailable)
rPois   .            (no amulet)
rElec   .            (no ring)
rCorr   .            (no ring)
SInv    .            (no ring)
Will    .....        (no ring)
Stlth   ++           (no ring)
HPRegen 0.22/turn    (no ring)
MPRegen 0.07/turn    (no ring)
                     (no ring)

%: no passive effects
@: beast-form
A: beast (slay +1), almost no armour, amphibious, 8 rings, camouflage 1,
gelatinous body 1, (nimble swimmer 1), tentacles
a: Begin Untransformation


You were on level 1 of the Dungeon.
You were a hulking beast.
You visited 1 branch of the dungeon, and saw 1 of its levels.

You collected 9 gold pieces.

Inventory:

Talismans
 b - a beast talisman
 c - a flux talisman
Potions
 a - a potion of lignification
 d - a potion of magic {unknown}


   Skills:
 - Level 1.0 Fighting
 - Level 2.0 Dodging
 + Level 3.2 Unarmed Combat
 - Level 3.0 Shapeshifting


You couldn't memorise any spells.
You didn't know any spells.
Your spell library was empty.

Dungeon Overview and Level Annotations

Branches:
Dungeon (1/15)

Altars:


Innate Abilities, Weirdness & Mutations

You are a hulking beast.
Your limbs bulge with bestial killing power. (Slay +1)
You cannot wear most types of armour.
You are amphibious.
You can wear up to eight rings at the same time.
Your skin changes colour to match your surroundings (Stealth+).
Your rubbery body absorbs attacks. (AC +1, EV +1)
((You are camouflaged when in or above water. (Stealth+)))
You have tentacles for arms and can constrict up to eight enemies at once.


Message History

The goblin barely misses you.
You closely miss the goblin. Your grab misses the goblin.
The goblin hits you with a +0 dagger.
A goblin comes into view. It is wielding a +0 club.
A hobgoblin comes into view.
The hobgoblin shouts!
The goblin shouts!
You tentacle-slap the goblin. Your grab misses the goblin.
Your tentacle-slap misses the goblin.
The goblin is heavily wounded.
You hear a loud squeak.
The goblin hits you with a +0 dagger.
You tentacle-slap the goblin. You grab the goblin.
The goblin is severely wounded.
You constrict the goblin.
You kill the goblin!
The quokka attacks as it pursues you! The quokka barely misses you.
The quokka attacks as it pursues you! The quokka completely misses you.
You swing at nothing.
The quokka closely misses you. The quokka attacks as it pursues you!
The quokka bites you.
* * * LOW HITPOINT WARNING * * *
The quokka bites you.
* * * LOW HITPOINT WARNING * * *
You tentacle-slap the quokka. Your grab misses the quokka.
The quokka is moderately wounded.
The quokka closely misses you.
You closely miss the quokka. You grab the quokka.
The quokka is moderately wounded.
You constrict the quokka.
A ball python comes into view.
The quokka bites you.
* * * LOW HITPOINT WARNING * * *
Unknown command.
Unknown command.
Unknown command.
Unknown command.
The ball python hisses angrily.
You tentacle-slap the quokka but do no damage.
The quokka is heavily wounded.
You constrict the quokka. The quokka bites you.
You die...

#...# #..##
##..######.###.###
##...............
#####.#####.##..
#.# #.## .# #.#
#.. .#.## #.# #.#
.....
#.#####>##.#.##
#.hrg..........
####g..........
#.r..S..#.
##.....## ##...##
##.#)...r..
#>#.......
..........
##.#.......


You could see a quokka, a hobgoblin, a goblin, a ball python and a rat.

Vanquished Creatures
  An endoplasm (D:1)
  A goblin (D:1)
  A rat (D:1)
3 creatures vanquished.

Notes
Turn   | Place    | Note
-------+----------+-------------------------------------------
     0 | D:1      | Cheops the Octopode Shapeshifter began the quest for the
                  | Orb.
     0 | D:1      | Reached XP level 1. HP: 13/13 MP: 1/1
    88 | D:1      | Slain by a quokka

Illustrated notes

Levels and vault maps discovered:
D:1:      eino_arrival_cavern_a, layout_loops_cross, minmay_pentomino_v2

Action                     || total
---------------------------++-------
  Melee: Unarmed           ||    11
         Constrict         ||     2
         Tentacles         ||     1
 Armour: Skin              ||     9
  Dodge: Dodged            ||     6
